General information
- name: BNet
- type: Ladder 1vs1/FFA
- host: Battle.net
- saver: icitrik
map: TerenasStand
- players: 2
- length: 22:58
- speed: Fast
- version: 1.21 W3XP
- replay type: Public
» download(73 KB)
Players
team 1 (winner)
icitrik (
green | 129 APM | 2963 actions | 22:58)
7 Paladin
3 Holy Light
3 Divine Shield
1 Resurrection
» actions
| Assign group hotkey | 21 | |
| Basic commands | 31 | |
| Build / train | 99 | |
| Enter build submenu | 30 | |
| Enter hero's abilities submenu | 8 | |
| Give item / drop item | 1 | |
| Remove unit from queue | 4 | |
| Right click | 1915 | |
| Select / deselect | 318 | |
| Select group hotkey | 444 | |
| Use ability | 92 | |
2963 total
» units
| Peasant | 12 | |
| Footman | 10 | |
| Mortar Team | 7 | |
| Priest | 2 | |
| Knight | 4 | |
| Siege Engine | 3 | |
38 total
» upgrades
| Defend | 1 | |
| Masonry | 3 | |
| Gunpowder | 3 | |
| Lumber Harvesting | 2 | |
| Swords | 1 | |
| Armor | 1 | |
| Flare | 1 | |
| Plating | 1 | |
| Priest Training | 1 | |
| Magic Sentry | 1 | |
| Animal War Training | 1 | |
| Barrage | 1 | |
| Fragmentation Shards | 1 | |
18 total
» buildings
| Barracks | 1 | |
| Altar of Kings | 2 | |
| Farm | 11 | |
| Arcane Vault | 1 | |
| Keep | 3 | |
| Lumber Mill | 1 | |
| Scout Tower | 10 | |
| Blacksmith | 1 | |
| Town Hall | 1 | |
| Guard Tower | 9 | |
| Workshop | 2 | |
| Arcane Sanctum | 1 | |
| Castle | 1 | |
44 total
» build order
00:10 Barracks
00:17 Altar of Kings
00:19 Altar of Kings
00:21 Farm
00:49 Farm
01:31 Farm
02:14 Farm
02:47 Arcane Vault
03:55 Keep
03:55 Keep
03:55 Keep
03:59 Lumber Mill
05:01 Farm
05:04 Farm
05:58 Scout Tower
05:59 Scout Tower
06:00 Scout Tower
06:02 Scout Tower
06:03 Scout Tower
06:15 Blacksmith
06:39 Town Hall
07:45 Guard Tower
07:46 Guard Tower
07:48 Workshop
07:49 Workshop
07:57 Scout Tower
07:57 Scout Tower
07:58 Scout Tower
07:59 Scout Tower
08:00 Scout Tower
08:11 Guard Tower
08:44 Guard Tower
09:14 Guard Tower
09:17 Guard Tower
09:45 Guard Tower
09:56 Guard Tower
10:56 Guard Tower
12:45 Farm
12:46 Farm
12:47 Farm
15:39 Arcane Sanctum
16:24 Castle
18:55 Farm
18:56 Farm
» items
| Scroll of Regeneration | 3 | |
| Lesser Clarity Potion | 4 | |
| Scroll of Town Portal | 3 | |
| Potion of Mana | 3 | |
| Potion of Healing | 1 | |
| Staff of Sanctuary | 2 | |
16 total
team 2 (loser)
UFREAKINNOOB (
purple | 24 APM | 556 actions | 22:57)
2 Death Knight
1 Death Coil
1 Unholy Aura
» actions
| Build / train | 61 | |
| Enter build submenu | 18 | |
| Enter hero's abilities submenu | 2 | |
| Right click | 222 | |
| Select / deselect | 219 | |
| Use ability | 34 | |
556 total
» units
| Acolyte | 3 | |
| Ghoul | 25 | |
| Crypt Fiend | 8 | |
| Abomination | 2 | |
| Necromancer | 5 | |
43 total
» upgrades
| Web | 1 | |
| Necromancer Training | 2 | |
| Skeletal Longevity | 1 | |
| Skeletal Mastery | 1 | |
| Disease Cloud | 1 | |
6 total
» buildings
| Ziggurat | 9 | |
| Altar of Darkness | 1 | |
| Crypt | 2 | |
| Graveyard | 1 | |
| Nerubian Tower | 3 | |
| Tomb of Relics | 1 | |
| Halls of the Dead | 1 | |
| Spirit Tower | 3 | |
| Black Citadel | 1 | |
| Temple of the Damned | 1 | |
| Slaughterhouse | 2 | |
25 total
» build order
01:23 Ziggurat
01:31 Altar of Darkness
01:36 Crypt
02:11 Ziggurat
02:36 Graveyard
03:15 Nerubian Tower
03:37 Nerubian Tower
04:25 Ziggurat
04:55 Ziggurat
05:02 Ziggurat
05:18 Ziggurat
05:27 Tomb of Relics
05:49 Halls of the Dead
05:59 Nerubian Tower
06:14 Spirit Tower
06:37 Spirit Tower
08:10 Crypt
08:13 Black Citadel
08:45 Temple of the Damned
09:15 Slaughterhouse
09:22 Ziggurat
09:35 Ziggurat
14:27 Spirit Tower
19:51 Slaughterhouse
20:26 Ziggurat
» items
Chat log
(01:10 / All) icitrik: hi
(01:11 / All) icitrik: gl hf
(01:17 / All) UFREAKINNOOB: gl
(04:40 / All) icitrik: jhahahahahahah
(06:53 / All) icitrik: hahahahahahahahhah
(10:23 / All) icitrik: habhahhahaha
(13:02 / All) icitrik: you are horrible at this game
(13:07 / All) UFREAKINNOOB: i think ppl that use morts are fags
(13:10 / All) icitrik: hahahhahaha
(13:12 / All) icitrik: sweet
(13:45 / All) UFREAKINNOOB: very faggy
(14:04 / All) icitrik: how many surrounds is that now
(14:05 / All) icitrik: 4?
(14:12 / All) UFREAKINNOOB: so gay
(15:45 / All) UFREAKINNOOB: fags use morts
(16:28 / All) UFREAKINNOOB: fuck
(17:11 / All) icitrik: are you trying necrowagon or some shit?
(17:15 / All) icitrik: it's not going to work
(17:28 / All) UFREAKINNOOB: im tryin ur mom her pussy is sweet
(19:08 / All) icitrik: just quit now
(19:41 / All) UFREAKINNOOB: punk bitch
(19:45 / All) icitrik: seriously
(19:47 / All) icitrik: you are awful
(20:00 / All) UFREAKINNOOB: take away gay morts and what do u have???
(20:06 / All) UFREAKINNOOB: nothing
(20:10 / All) icitrik: you think i'm winning because of mortars?
(20:17 / All) UFREAKINNOOB: yes
(20:19 / All) icitrik: hahhahaha
(20:26 / All) icitrik: hhahahahhahahahhahahahha
(20:44 / All) UFREAKINNOOB: morts are for the weak
(21:54 / All) UFREAKINNOOB: such a sucker gay way to play
(21:57 / All) icitrik: quit now
(21:58 / All) icitrik: noob
(22:02 / All) UFREAKINNOOB: u got nothin
(22:07 / All) icitrik: i got a huge army and a win
(22:11 / All) UFREAKINNOOB: next time i face human i get air
(22:21 / All) icitrik: 7 surrounds now?
(22:22 / All) UFREAKINNOOB: then what u got?
(22:33 / All) icitrik: then i get dragonhawks or gyros
(22:46 / All) UFREAKINNOOB: whatever fuckface
(22:53 / All) UFREAKINNOOB: gay ass morts
(22:55 / All) icitrik: admit it, you are horrible